 Dungeon Crawl Stone Soup version 0.27.1-35-g4d5d836560 (webtiles) character file.

Game seed: 13208427149965501400

112 cbfl8 the Sneak (level 4, -2/28 HPs)
             Began as a Tengu Delver on Mar 19, 2022.
             Slain by a centaur (3 damage)
             ... on level 5 of the Dungeon.
             The game lasted 00:00:38 (445 turns).

cbfl8 the Sneak (Tengu Delver)                       Turns: 445, Time: 00:00:38

Health: -2/28      AC:  3    Str: 13    XL:     4   Next: 95%
Magic:  5/5        EV: 12    Int: 11    God:
Gold:   0          SH:  0    Dex: 15    Spells: 3/3 levels left

rFire    . . .     SeeInvis .   a - +0 falchion
rCold    . . .     Faith    .   (no shield)
rNeg     . . .     Spirit   .   b - +0 leather armour
rPois    .         Reflect  .   (helmet restricted)
rElec    .         Harm     .   (no cloak)
rCorr    .         Rampage  .   (no gloves)
Will     .....                  (boots unavailable)
Stlth    +++.......             (no amulet)
HPRegen  0.09/turn              (no ring)
MPRegen  0.09/turn              (no ring)

@: no status effects
A: beak, talons 3
a: no special abilities


You were on level 5 of the Dungeon.
You visited 1 branch of the dungeon, and saw 1 of its levels.

Inventory:

Hand Weapons
 a - a +0 falchion (weapon)
Armour
 b - a +0 leather armour (worn)
Wands
 g - a wand of digging (3)
Scrolls
 c - a scroll of fog
 d - a scroll of magic mapping
 e - a scroll of fear
Potions
 f - a potion of haste


   Skills:
 + Level 3.5 Fighting
 + Level 2.6 Long Blades
 + Level 2.3 Dodging
 + Level 6.5 Stealth


You had 3 spell levels left.
You didn't know any spells.
Your spell library was empty.

Dungeon Overview and Level Annotations

Branches:
Dungeon (5/15)
 Temple: D:4-7

Altars:


Innate Abilities, Weirdness & Mutations

You have a beak for a mouth.
You have claws for feet.


Message History

You hit the centaur.
The centaur is lightly wounded.
The centaur hits you. The centaur barely misses you.
The centaur hits you but does no damage.
The centaur kicks you. The centaur barely misses you.
You riposte.
You hit the centaur but do no damage.
The centaur is lightly wounded.
The centaur kicks you but does no damage.
The centaur hits you. The centaur kicks you.
The centaur hits you but does no damage.
The centaur closely misses you.
You hit the centaur. You claw the centaur, but do no damage.
The centaur is moderately wounded.
The centaur hits you. The centaur kicks you.
You hit the centaur but do no damage. You peck the centaur.
The centaur is heavily wounded.
The centaur misses you. The centaur closely misses you.
The centaur hits you but does no damage.
The centaur barely misses you.
You hit the centaur. You claw the centaur, but do no damage.
The centaur is heavily wounded.
The centaur hits you.
* * * LOW HITPOINT WARNING * * *
The centaur kicks you but does no damage.
The centaur hits you.
* * * LOW HITPOINT WARNING * * *
The centaur kicks you but does no damage.
You hit the centaur.
The centaur is severely wounded.
The centaur hits you.
* * * LOW HITPOINT WARNING * * *
The centaur kicks you.
* * * LOW HITPOINT WARNING * * *
The centaur misses you. The centaur kicks you.
* * * LOW HITPOINT WARNING * * *
You hit the centaur but do no damage. You claw the centaur.
The centaur is severely wounded.
The centaur hits you.
You die...

# # # ### .>#
######.## #.......#
#....@c.# #.......#
#.......# #.......#
... #.......# ...
#.......############
#.#
######.............#
..# #############.#
..# ############
####.##


You could see a centaur.

Vanquished Creatures
  An ogre (D:5)
  A jelly (D:5)
  A quokka (D:5)
3 creatures vanquished.

Notes
Turn   | Place    | Note
-------+----------+-------------------------------------------
     0 | D:5      | cbfl8 the Tengu Delver began the quest for the Orb.
     0 | D:5      | Reached XP level 1. HP: 14/14 MP: 2/2
    10 | D:5      | Noticed an ogre
    22 | D:5      | Killed an ogre
    23 | D:5      | Reached skill level 6 in Stealth
    23 | D:5      | Reached XP level 2. HP: 5/19 MP: 3/3
    23 | D:5      | Reached XP level 3. HP: 6/23 MP: 4/4
    23 | D:5      | Reached XP level 4. HP: 7/28 MP: 5/5
   269 | D:5      | Noticed a black bear
   430 | D:5      | Noticed a centaur
   444 | D:5      | HP: 1/28 [centaur (2)]
   445 | D:5      | Slain by a centaur

Illustrated notes

Levels and vault maps discovered:
D:5:      layout_basic, minmay_temple_entry_proselytizer, gammafunk_ghost_split

Skill      XL: |  1 |
---------------+----+-----
Stealth        | 6 |  6.5
Fighting       | |  3.5
Long Blades    | |  2.6
Dodging        | |  2.3

Action                   |  1- 3 |  4- 6 || total
-------------------------+-------+-------++-------
Melee: Falchion          |     8 |    13 ||    21
       Kick              |     2 |     6 ||     8
       Peck              |     2 |     2 ||     4
 Stab: Sleeping          |       |     1 ||     1
Armor: Leather armour    |       |     7 ||     7
Dodge: Dodged            |     6 |    13 ||    19
       Rpst.: Falchion   |     2 |     1 ||     3
